 Dungeon Crawl Stone Soup version 0.19.1 (webtiles) character file.

392 Gargoyl the Skirmisher (level 6, 0/84 HPs)
             Began as a Draconian Abyssal Knight on Dec 5, 2016.
             Was a Priest of Lugonu.
             Slain by Eustachio
             ... wielding a +4 rapier of flaming
              (1 damage)
             ... on level 4 of the Dungeon.
             The game lasted 00:07:38 (3206 turns).

Gargoyl the Skirmisher (Draconian Abyssal Knight)   Turns: 3206, Time: 00:07:38

Health: 0/84       AC: 11    Str: 22    XL:     6   Next: 50%
Magic:  8/8        EV: 13    Int: 12    God:    Lugonu [***...]
Gold:   244        SH:  0    Dex: 10    Spells: 0 memorised, 5 levels left

rFire  . . .     SeeInvis .     d - +0 hand axe (vamp)
rCold  . . .     Gourm    .     (armour unavailable)
rNeg   . . .     Faith    .     (no shield)
rPois  .         Spirit   .     (helmet restricted)
rElec  .         Reflect  .     j - +2 cloak
rCorr  .         Harm     .     p - +1 pair of gloves
MR     .....                    (no boots)
Stlth  ..........               (no amulet)
                                (no ring)
                                (no ring)

@: berserking, very quick
A: unfitting armour, cold-blooded, AC +6
a: Depart the Abyss, Bend Space, Banish, Renounce Religion


You were on level 4 of the Dungeon.
You worshipped Lugonu.
Lugonu was most pleased with you.
You were hungry.

You visited 1 branch of the dungeon, and saw 4 of its levels.
You visited the Abyss 1 time.
You also visited: Sewer.

You collected 244 gold pieces.

Inventory:

Hand Weapons
 a - a +1 hand axe
 d - a +0 vampiric hand axe (weapon)
 g - a +0 long sword of holy wrath
 t - a +0 war axe
Armour
 j - a +2 cloak (worn)
 p - a +1 pair of gloves (worn)
Wands
 A - a wand of flame (32/48)
Scrolls
 c - 3 scrolls of remove curse
 s - 3 scrolls of teleportation
 x - 3 scrolls of amnesia
 y - a scroll of blinking
Potions
 b - a potion of resistance
 e - 4 potions of flight
 i - a potion of might {unknown}
 k - 2 potions of magic {unknown}
 m - a potion of curing {unknown}
 o - a potion of haste
 u - a potion of heal wounds {unknown}
 v - 2 potions of berserk rage
 w - a potion of degeneration {unknown}
Miscellaneous
 h - a sack of spiders
Comestibles
 f - a beef jerky
 l - 2 meat rations
 n - a royal jelly
 q - a bread ration
 r - a fruit


   Skills:
 * Level 5.1 Fighting
 + Level 3.5 Axes
 * Level 4.1 Dodging
 + Level 0.4 Stealth
 * Level 3.4 Invocations


You had 5 spell levels left.
You didn't know any spells.

Dungeon Overview and Level Annotations

Branches:
Dungeon (4/15)
 Temple: D:4-7

Altars:
Elyvilon

Annotations:
D:4 Eustachio; resw's ghost, amateur MiBe


Innate Abilities, Weirdness & Mutations

Your plain brown scales are hard. (AC +6)
You cannot fit into any form of body armour.
You are cold-blooded and may be slowed by cold attacks.


Message History

Eustachio barely misses you.
You miss Eustachio. You barely miss the shadow imp.
The shadow imp gestures at you. Pain shoots through your body!
* * * LOW HITPOINT WARNING * * *
Eustachio hits you with a rapier of flaming.
* * * LOW HITPOINT WARNING * * *
Eustachio burns you.
* * * LOW HITPOINT WARNING * * *
A red film seems to cover your vision as you go berserk!
You feel yourself moving faster!
You feel mighty! The shadow imp barely misses you.
Eustachio hits you but does no damage.
You closely miss Eustachio.
Your tail-slap misses Eustachio.
You closely miss the shadow imp.
The shadow imp hits you but does no damage.
You closely miss Eustachio. You barely miss the shadow imp.
Eustachio hits you with a rapier of flaming!
* * * LOW HITPOINT WARNING * * *
Eustachio burns you.
You die...

.......?..... #.....
............ #.
#..... ...........
#.### #.....
..........#####...#
#####'
........#.......#####
#.
......#.......+...#
##
#.##.+.......###'## #
#..5.#............# #
####@#............# #
#.@............# #
###............###
#............<.)
#.......###+####
#.......# #.....
#.......# ######
#########


You could see Eustachio and a shadow imp.

Vanquished Creatures
  Blork the orc (D:4)
  Ijyb (D:1)
  3 worker ants (D:4)
  Terence (D:2)
  2 adders
  2 river rats (D:3)
  7 oozes
  8 worms
  2 dart slugs
  3 leopard geckos
  An orc (D:3)
  15 bats
  9 giant cockroaches
  11 goblins
  9 hobgoblins
  10 jackals
  6 kobolds
  3 quokkas
  5 ball pythons
  4 frilled lizards
  11 rats
114 creatures vanquished.

Notes
Turn   | Place    | Note
-------+----------+-------------------------------------------
     0 | Abyss:1  | Gargoyl the Draconian Abyssal Knight began the quest for the Orb.
     0 | Abyss:1  | Reached XP level 1. HP: 19/19 MP: 2/2
   177 | Abyss:1  | Noticed a raiju
   226 | Abyss:2  | Noticed a lich
   228 | D:1      | Escaped the Abyss
   457 | D:1      | Reached XP level 2. HP: 26/26 MP: 3/3
   573 | D:1      | Reached * piety under Lugonu
   901 | D:2      | Noticed Ijyb
   905 | D:2      | Noticed Terence
   939 | D:1      | Killed Ijyb
   939 | D:1      | Reached skill level 4 in Fighting
   939 | D:1      | Reached XP level 3. HP: 28/33 MP: 4/4
  1105 | D:2      | Killed Terence
  1105 | D:2      | Reached XP level 4. HP: 40/40 MP: 4/6
  1216 | D:2      | Found a white marble altar of Elyvilon.
  1546 | D:2      | Reached ** piety under Lugonu
  1739 | D:3      | Reached XP level 5. HP: 47/47 MP: 7/7
  1824 | D:3      | Found a glowing drain.
  1833 | Sewer    | Entered a sewer
  1988 | Sewer    | Reached *** piety under Lugonu
  2882 | D:4      | Reached XP level 6. HP: 31/55 MP: 8/8
  2886 | D:4      | Noticed resw's ghost (amateur MiBe)
  3068 | D:4      | Noticed Blork the orc
  3089 | D:4      | Reached skill level 5 in Fighting
  3095 | D:4      | Killed Blork the orc
  3187 | D:4      | Noticed Eustachio
  3206 | D:4      | HP: 1/84 [Eustachio/rapier of flaming (11)]
  3206 | D:4      | Slain by Eustachio

Skill      XL: |  1  2  3  4  5  6 |
---------------+-------------------+-----
Fighting       | 4 5 |  5.1
Dodging        | 3 4 |  4.1
Invocations    | 3 |  3.4
Axes           | 3 |  3.5
Stealth        | |  0.4

Action                   |  1- 3 |  4- 6 || total
-------------------------+-------+-------++-------
Melee: Hand axe          |    81 |   354 ||   435
       Tailslap          |     7 |    34 ||    41
Invok: Depart the Abyss  |     1 |       ||     1
Evoke: Wand              |       |     2 ||     2
  Use: Potion            |     1 |     1 ||     2
       Scroll            |       |    14 ||    14
  Eat: Chunk             |     1 |     4 ||     5
       Fruit             |       |     2 ||     2
       Bread ration      |       |     1 ||     1
       Beef jerky        |       |     1 ||     1
Armor: Skin              |    35 |   201 ||   236
Dodge: Dodged            |    93 |   366 ||   459
